 Dungeon Crawl Stone Soup version 0.24.0-13-gcf9b319 (webtiles) character file.

Game seed: 9560709880778196020, levelgen mode: deterministic

69206 Fortress the Severer (level 14, -7/141 HPs)
             Began as a Deep Dwarf Fighter on Feb 3, 2020.
             Was the Champion of Makhleb.
             Mangled by a wolf spider (8 damage)
             ... on level 3 of the Spider Nest on Feb 4, 2020.
             The game lasted 02:05:55 (14117 turns).

Fortress the Severer (Deep Dwarf Fighter)          Turns: 14117, Time: 02:05:55

Health: -7/141     AC: 31    Str: 23    XL:     14   Next: 89%
Magic:  10/10      EV:  2    Int: 11    God:    Makhleb [******]
Gold:   960        SH:  0    Dex: 12    Spells: 13/13 levels left

rFire    . . .     SeeInvis .   D - +3 battleaxe (elec)
rCold    . . .     Gourm    .   (shield currently unavailable)
rNeg     + . .     Faith    +   P - +1 crystal plate armour
rPois    +         Spirit   .   Q - +0 helmet
rElec    .         Reflect  .   s - +1 cloak
rCorr    .         Harm     .   l - +0 pair of gloves
MR       ++...                  N - +0 pair of boots
Stlth    ..........             w - amulet of faith
HPRegen  0.00/turn              U - +3 ring of protection
MPRegen  0.12/turn              E - ring of poison resistance

@: held, non-regenerating, slowed, very slow
A: damage resistance, heal wounds, negative energy resistance 1, sense
surroundings 2, no regeneration
a: Heal Wounds, Minor Destruction, Lesser Servant of Makhleb, Major Destruction,
Greater Servant of Makhleb, Renounce Religion


You were on level 3 of the Spider Nest.
You worshipped Makhleb.
Makhleb was exalted by your worship.
You were hungry.

You visited 5 branches of the dungeon, and saw 21 of its levels.
You also visited: Volcano.

You collected 1180 gold pieces.
You spent 220 gold pieces at shops.

Inventory:

Hand Weapons
 y - the +2 hand axe of the Forest {holy, rF++ MR+}
   (You found it on level 7 of the Dungeon)

   It has been blessed by the Shining One to cause great damage to the undead
   and demons.
   It greatly protects you from fire.
   It affects your resistance to hostile enchantments.
 D - a +3 battleaxe of electrocution (weapon)
 J - a +6 flail of holy wrath
Missiles
 k - 85 poisoned darts (quivered)
Armour
 l - a +0 pair of gloves (worn)
 s - a +1 cloak (worn)
 C - +0 pearl dragon scales
 N - a +0 pair of boots (worn)
 P - a +1 crystal plate armour (worn)
 Q - a +0 helmet (worn)
 R - a +3 chain mail of fire resistance
Jewellery
 c - a +3 ring of evasion
 w - an amulet of faith (around neck)
 B - an uncursed amulet of rage
 E - a ring of poison resistance (right hand)
 M - an uncursed ring of protection from cold
 U - a +3 ring of protection (left hand)
Wands
 g - a wand of iceblast (15)
 z - a wand of paralysis (9)
 H - a wand of flame (35)
 I - a wand of polymorph (2)
 O - a wand of digging (5)
 T - a wand of clouds (9)
 V - a wand of disintegration (4)
Scrolls
 a - 4 scrolls of teleportation
 b - 5 scrolls of magic mapping
 h - 5 scrolls of amnesia
 q - 5 scrolls of identify
 t - a scroll of blinking {unknown}
 u - 4 scrolls of enchant armour
 v - 13 scrolls of remove curse
 G - 4 scrolls of fog
 L - 3 scrolls of enchant weapon
 W - a scroll of silence {unknown}
 Y - a scroll of noise {unknown}
Potions
 d - 3 potions of might
 i - 7 potions of curing
 m - 7 potions of lignification
 n - 2 potions of flight
 r - 3 potions of haste
 A - 2 potions of berserk rage
 F - 2 potions of invisibility
 K - a potion of resistance {unknown}
 X - a potion of heal wounds
Miscellaneous
 S - a fan of gales (inert)
Comestibles
 f - 27 rations


   Skills:
 * Level 13.0 Fighting
 + Level 18.8 Axes
 - Level 1.0(11.8) Maces & Flails
 - Level 10.0 Armour
 - Level 0.1 Dodging
   Level 5.0 Shields
 - Level 9.0 Invocations
 - Level 9.0 Evocations


You had 13 spell levels left.
You didn't know any spells.
Your spell library contained the following spells:

 Spells                   Type           Power        Failure   Level  Hunger
 Beastly Appendage        Tmut           #.....       100%        1    ##.....
 Infusion                 Chrm           #...         100%        1    ##.....
 Magic Dart               Conj           #...         100%        1    ##.....
 Shock                    Conj/Air       #...         100%        1    ##.....
 Blink                    Tloc           N/A          100%        2    ###....
 Call Imp                 Summ           #.......     100%        2    ###....
 Ensorcelled Hibernation  Hex/Ice        #.....       100%        2    ###....
 Shroud of Golubria       Chrm/Tloc      #.....       100%        2    ###....
 Slow                     Hex            #.......     100%        2    ###....
 Song of Slaying          Chrm           #.......     100%        2    ###....
 Sticks to Snakes         Tmut           #.......     100%        2    ###....
 Conjure Flame            Conj/Fire      #.......     100%        3    ####...
 Ignite Poison            Fire/Tmut/Pois #.......     100%        3    ####...
 Mephitic Cloud           Conj/Pois/Air  #.......     100%        3    ####...
 Recall                   Summ/Tloc      N/A          100%        3    ####...
 Spectral Weapon          Hex/Chrm       #.......     100%        3    ####...
 Spider Form              Tmut/Pois      #.........   100%        3    ####...
 Cause Fear               Hex            #.........   100%        4    #####..
 Ice Form                 Ice/Tmut       #.......     100%        4    #####..
 Throw Icicle             Conj/Ice       #.......     100%        4    #####..
 Aura of Abjuration       Summ           #.........   100%        5    ######.
 Blade Hands              Tmut           #.........   100%        5    ######.
 Borgnjor's Vile Clutch   Necr/Erth      #.........   100%        5    ######.
 Silence                  Hex/Air        #.........   100%        5    ######.
 Summon Demon             Summ           #.........   100%        5    ######.
 Summon Forest            Summ/Tloc      #.........   100%        5    ######.
 Summon Mana Viper        Hex/Summ       #.......     100%        5    ######.
 Venom Bolt               Conj/Pois      #.........   100%        5    ######.
 Yara's Violent Unravell  Hex/Tmut       #.........   100%        5    ######.
 Bolt of Cold             Conj/Ice       #.........   100%        6    #######
 Darkness                 Hex            #.........   100%        6    #######
 Deflect Missiles         Chrm/Air       #.........   100%        6    #######
 Shadow Creatures         Summ           N/A          100%        6    #######
 Discord                  Hex            #.........   100%        8    #######
 Regeneration             Chrm/Necr      Unusable     N/A         3    N/A

Dungeon Overview and Level Annotations

Branches:
Dungeon (10/15)            Temple (1/1) D:6            Lair (6/6) D:9
  Swamp (0/4) Lair:3       Spider (3/4) Lair:4        Slime (1/5) Lair:5
    Orc (0/2) D:10        Volcano (visited)

Altars:
Ashenzari
Cheibriados
Dithmenos
Elyvilon
Fedhas
Gozag
Hepliaklqana
Kikubaaqudgha
Makhleb
Nemelex Xobeh
Okawaru
Qazlal
Ru
Sif Muna
Trog
Uskayaw
Vehumet
Wu Jian
Xom
Yredelemnul
Zin
The Shining One

Shops:
D:5 (   D:6 !}

Annotations:
D:8 3 runed translucent doors, bande's ghost, novice GrFi
D:9 3 runed translucent doors, TailRadish's ghost, novice DDFi


Innate Abilities, Weirdness & Mutations

You are resistant to damage.
You can heal yourself by infusing magical energy.
You resist negative energy. (rN+)
You passively map the area around you.
You do not regenerate.


Message History

* * * LOW HITPOINT WARNING * * *
The jumping spider bites you but does no damage.
The wolf spider hits you.
* * * LOW HITPOINT WARNING * * *
The wolf spider bites you but does no damage.
The wolf spider hits you but does no damage.
The wolf spider barely misses you. The redback bites you.
The torpor snail bites you but does no damage.
The demonic crawler hits you.
The demonic crawler hits you but does no damage. x2
The jumping spider leaps!
The jumping spider pounces on you but does no damage.
The jumping spider bites you but does no damage.
The wolf spider hits you but does no damage.
The wolf spider bites you but does no damage.
The wolf spider hits you!
* * * LOW HITPOINT WARNING * * *
The wolf spider bites you but does no damage.
The wolf spider hits you!
You die...

*......... #..?,###.....
#..?...... ##..#*##......
.........# #...# #.......
, , .........###...
##....... , *
#..#.##..^...# #........
,* * #.....s..###.#
#........ , *
*#s..s.ss.^##.###........
, ,
#.....ssw..○#.###.......
,,,
#....ss@ss.......#......
#..°.Hss°.....######.##.
, #..>....3....## *...# ,
...[..s.......# #.##
...#..........# .# ,
...##..(......# * ..
*#........^# * , * ,,
#^........# * , * ,, , ,


You could see a torpor snail, a demonic crawler, 3 wolf spiders, 3 orb spiders,
3 jumping spiders, 2 tarantellas, 2 redbacks, a friendly mature shockox beast
and a friendly neqoxec.

Vanquished Creatures
  Gastronok (D:8)
  An entropy weaver (Spider:3)
  A stone giant (Volcano)
  4 hydras
  Harold (D:8)
  3 catoblepae (Lair:6)
  8 death yaks (Lair:6)
  19 wolf spiders
  13 orb spiders
  2 manticores (Lair:6)
  5 elephants (Lair:5)
  2 moths of wrath
  3 black mambas
  2 molten gargoyles (Volcano)
  Joseph (D:8)
  4 spiny frogs
  Psyche (D:8)
  A torpor snail (Spider:3)
  A gargoyle (Volcano)
  7 demonic crawlers
  3 komodo dragons
  An efreet (Volcano)
  A polar bear (Lair:3)
  19 jumping spiders
  3 hornets
  Prince Ribbit (D:8)
  A slime creature (Lair:5)
  11 blink frogs
  7 hippogriffs
  A wyvern (Lair:2)
  33 redbacks
  17 tarantellas
  A fire elemental (Volcano)
  The ghost of chromaticdragonking the Poker, an amateur HOFi (D:3)
  6 fire bats (Volcano)
  10 yaks (Lair:6)
  3 basilisks
  Menkaure (D:7)
  10 water moccasins
  10 porcupines
  5 black bears
  2 orc warriors
  3 ice beasts
  2 sky beasts
  4 ogres
  A phantom (D:4)
  47 wolves
  8 crocodiles
  3 centaurs
  2 big kobolds
  2 earth elementals (Volcano)
  Blork the orc (D:5)
  11 bullfrogs
  A wyvern skeleton (D:9)
  4 scorpions
  5 killer bees (D:9)
  A howler monkey (D:7)
  6 lava snakes (Volcano)
  A bullfrog zombie (D:6)
  3 hounds
  3 orc priests
  3 jellies
  6 orc wizards
  Crazy Yiuf (D:2)
  A centaur skeleton (D:9)
  5 worker ants
  7 adders
  4 shadow imps
  An ooze (D:1)
  3 adder skeletons
  An adder zombie (D:9)
  2 worms (D:2)
  2 dart slugs
  13 leopard geckos
  11 orcs
  A ball python (D:2)
  5 bats
  6 giant cockroaches
  13 goblins
  9 hobgoblins
  11 jackals
  2 quokkas
  6 frilled lizards
  13 kobolds
  A leopard gecko skeleton (D:4)
  A quokka skeleton (D:9)
  4 rats
  2 fungi
  7 plants
476 creatures vanquished.

Vanquished Creatures (collateral kills)
  Asterion (Spider:2)
  A ghost moth (Spider:2)
  4 orb spiders (Spider:1)
  A wolf spider (Spider:2)
  2 jumping spiders
  A tarantella (Spider:2)
10 creatures vanquished.

Vanquished Creatures (others)
  A redback (Spider:1)
  20 fungi
  13 plants
34 creatures vanquished.

Grand Total: 520 creatures vanquished

Notes
Turn   | Place    | Note
-------+----------+-------------------------------------------
     0 | D:1      | Fortress the Deep Dwarf Fighter began the quest for the
                  | Orb.
     0 | D:1      | Reached XP level 1. HP: 20/20 MP: 1/1
   160 | D:1      | Reached XP level 2. HP: 22/27 MP: 2/2
   554 | D:1      | Reached XP level 3. HP: 24/33 MP: 3/3
   893 | D:2      | Reached skill level 3 in Axes
   896 | D:2      | Found a faded altar of an unknown god.
   932 | D:2      | Found a stormy altar of Qazlal.
  1176 | D:2      | Found a hazy altar of Hepliaklqana.
  1176 | D:2      | Found a snail-covered altar of Cheibriados.
  1177 | D:2      | Found a basalt altar of Yredelemnul.
  1187 | D:2      | Found a burning altar of Makhleb.
  1207 | D:2      | Became a worshipper of Makhleb the Destroyer
  1242 | D:2      | Found a runed translucent door.
  1243 | D:2      | Noticed Crazy Yiuf
  1248 | D:2      | Killed Crazy Yiuf
  1248 | D:2      | Reached XP level 4. HP: 20/42 MP: 4/4
  1568 | D:3      | Noticed chromaticdragonking's ghost (amateur HOFi)
  1572 | D:3      | Found a runed translucent gate.
  1572 | D:3      | Found a runed translucent gate.
  1572 | D:3      | Found a runed translucent gate.
  2114 | D:4      | Noticed a phantom
  2137 | D:4      | Killed a phantom
  2137 | D:4      | Reached skill level 4 in Axes
  2137 | D:4      | Reached XP level 5. HP: 44/49 MP: 5/5
  2421 | D:4      | Reached skill level 5 in Axes
  2583 | D:4      | Found a shimmering blue altar of Sif Muna.
  2672 | D:4      | Noticed an ogre
  2685 | D:4      | Killed an ogre
  2685 | D:4      | Reached XP level 6. HP: 33/56 MP: 6/6
  2927 | D:4      | Found a glowing golden altar of the Shining One.
  3235 | D:5      | Entered Level 5 of the Dungeon
  3243 | D:5      | Reached skill level 6 in Axes
  3243 | D:5      | Reached XP level 7. HP: 48/63 MP: 7/7
  3297 | D:5      | Reached * piety under Makhleb
  3489 | D:5      | Found Rasel's Weapon Shop.
  3503 | D:5      | Noticed Blork the orc
  3512 | D:5      | Killed Blork the orc
  3897 | D:6      | Reached skill level 5 in Shields
  3897 | D:6      | Reached skill level 1 in Invocations
  3923 | D:6      | Reached skill level 7 in Axes
  3972 | D:6      | Reached skill level 5 in Armour
  3976 | D:6      | Reached XP level 8. HP: 51/72 MP: 9/9
  4011 | D:6      | Reached skill level 8 in Axes
  4036 | D:6      | Found a staircase to the Ecumenical Temple.
  4052 | Temple   | Entered the Ecumenical Temple
  4326 | D:6      | Found Ylileod's Distillery.
  4329 | D:6      | Bought a potion of flight for 33 gold pieces
  4329 | D:6      | Bought a potion of brilliance for 44 gold pieces
  4329 | D:6      | Bought a potion of haste for 110 gold pieces
  4329 | D:6      | Bought a potion of lignification for 33 gold pieces
  4424 | D:6      | Found Houm's Gadget Shoppe.
  4623 | D:7      | Noticed Menkaure
  4626 | D:7      | Killed Menkaure
  4626 | D:7      | Reached skill level 9 in Axes
  4681 | D:7      | Got a brightly glowing hand axe
  4682 | D:7      | Identified the +2 hand axe of the Forest {holy, rF++ MR+}
                  | (You found it on level 7 of the Dungeon)
  4781 | D:7      | Reached ** piety under Makhleb
  4813 | D:7      | You fall into a shaft and drop 3 floors!
  4813 | D:10     | Entered Level 10 of the Dungeon
  4813 | D:10     | Found a staircase to the Orcish Mines.
  4827 | D:9      | Noticed a hornet
  4829 | D:9      | Gained mutation: You passively map the area around you.
                  | [Deep Dwarf growth]
  4829 | D:9      | Reached XP level 9. HP: 65/79 MP: 11/11
  4832 | D:9      | Reached skill level 5 in Invocations
  4834 | D:9      | Reached skill level 10 in Axes
  4837 | D:9      | Reached skill level 5 in Fighting
  4845 | D:9      | Reached *** piety under Makhleb
  4987 | D:9      | Reached skill level 11 in Axes
  5041 | D:9      | Reached XP level 10. HP: 90/90 MP: 14/14
  5049 | D:9      | Found a staircase to the Lair.
  5330 | D:9      | Found a runed translucent gate.
  5330 | D:9      | Found a runed translucent gate.
  5330 | D:9      | Found a runed translucent gate.
  5331 | D:9      | Noticed TailRadish's ghost (novice DDFi)
  5332 | D:9      | Noticed an 11-headed hydra
  5496 | D:8      | Noticed Psyche
  5505 | D:8      | Killed Psyche
  5553 | D:8      | Noticed Joseph
  5570 | D:8      | Killed Joseph
  5582 | D:8      | Noticed Harold
  5660 | D:8      | Killed Harold
  5660 | D:8      | Reached skill level 12 in Axes
  5730 | D:8      | Noticed Prince Ribbit
  5744 | D:8      | Killed Prince Ribbit
  5781 | D:8      | Found a runed translucent gate.
  5784 | D:8      | Found a runed translucent gate.
  5785 | D:8      | Found a runed translucent gate.
  5787 | D:8      | Noticed bande's ghost (novice GrFi)
  6149 | D:8      | Noticed Gastronok
  6171 | D:8      | Killed Gastronok
  6171 | D:8      | Reached **** piety under Makhleb
  6674 | D:7      | Reached skill level 13 in Axes
  6970 | D:7      | Reached XP level 11. HP: 99/99 MP: 14/14
  7325 | D:3      | Killed chromaticdragonking's ghost
  7488 | Lair:1   | Entered Level 1 of the Lair of Beasts
  7884 | Lair:1   | Identified the Catalogue of Destructive Heat
  8212 | Lair:2   | Reached skill level 1 in Evocations
  8656 | Lair:3   | Reached ***** piety under Makhleb
  8710 | Lair:3   | Found a staircase to the Swamp.
  8739 | Lair:3   | Reached skill level 14 in Axes
  9047 | Lair:3   | Reached skill level 5 in Evocations
  9618 | Lair:4   | Found a dark tunnel.
  9632 | Volcano  | Entered a volcano
  9654 | Volcano  | Reached XP level 12. HP: 102/110 MP: 15/15
  9740 | Volcano  | Found a bloodstained altar of Trog.
  9761 | Volcano  | Noticed a stone giant
  9784 | Volcano  | Killed a stone giant
  9784 | Volcano  | Reached skill level 15 in Axes
  9951 | Lair:4   | Found a hole to the Spider Nest.
 10710 | Lair:5   | Noticed a five-headed hydra
 10724 | Lair:5   | Killed a five-headed hydra
 10740 | Lair:5   | Found a staircase to the Slime Pits.
 11032 | Lair:6   | Entered Level 6 of the Lair of Beasts
 11044 | Lair:6   | Reached ****** piety under Makhleb
 11047 | Lair:6   | Reached skill level 1 in Maces & Flails
 11286 | Lair:6   | Reached skill level 16 in Axes
 11294 | Lair:6   | Reached skill level 10 in Armour
 11318 | Lair:6   | Noticed an eight-headed hydra
 11324 | Lair:6   | Killed an eight-headed hydra
 11324 | Lair:6   | Reached XP level 13. HP: 120/120 MP: 14/14
 11880 | Lair:6   | Reached skill level 10 in Fighting
 12232 | Slime:1  | Entered Level 1 of the Pits of Slime
 12232 | Slime:1  | Noticed an azure jelly
 12239 | Lair:5   | Reached skill level 17 in Axes
 12299 | Spider:1 | Entered Level 1 of the Spider Nest
 12489 | Spider:1 | HP: 2/127 [disintegration (38)]
 12531 | Spider:1 | Gained mutation: You resist negative energy. (rN+) [Deep
                  | Dwarf growth]
 12531 | Spider:1 | Reached XP level 14. HP: 135/135 MP: 12/12
 13231 | Spider:2 | Reached skill level 18 in Axes
 13430 | Spider:2 | Noticed Asterion
 13445 | Spider:2 | Killed a ghost moth
 13450 | Spider:2 | Killed Asterion
 13764 | Spider:3 | Noticed an entropy weaver
 13783 | Spider:3 | Killed an entropy weaver
 14117 | Spider:3 | HP: 6/141 [wolf spider (2)]
 14117 | Spider:3 | HP: 1/141 [wolf spider (5)]
 14117 | Spider:3 | Mangled by a wolf spider

Levels and vault maps discovered:
D:1:      dpeg_arrival_boxorama, layout_loops_corners
D:2:      layout_rooms, nicolae_overflow_crystal_walls, grunt_qazlal_clouds,
          chequers_temple_overflow_statue_of_worship, first_ration,
          chequers_ecumenical_altar_simple, uniq_crazy_yiuf_cottage
D:3:      layout_loops_ring, gammafunk_ghost_split
D:4:      minmay_general_purpose_star, layout_basic, led_sif_pool,
          chequers_arboretum, nicolae_tso_carved_into_rock
D:5:      layout_loops_ring, serial_shops, shop_statue, minmay_misc_feat_five,
          uniq_blork_the_orc
D:6:      layout_gridville, minmay_temple_entry_mist, serial_shops,
          kennysheep_mini, minmay_stone_trees_medium, kennysheep_windowed_goal
D:7:      layout_basic, minmay_curled_crystal, chequers_serial_rivers_marsh,
          uniq_menkaure
D:8:      layout_layer_cave, gammafunk_ghost_spectres, uniq_harold, uniq_psyche,
          uniq_joseph, uniq_prince_ribbit1, uniq_gastronok
D:9:      layout_cross, due_lair_maze_entry_diamond, gammafunk_ghost_hydra_chop
D:10:     layout_loops_cross, orc_0_dummy, ebering_ghost_funeral_grove,
          enter_trove_1, basic_altar
Temple:   regret_index_temple_waves
Lair:1:   layout_roguey, minmay_hedge_maze
Lair:2:   layout_regular_city
Lair:3:   layout_chaotic_city, swamp_mist_pool, grunt_forest_large_clearings
Lair:4:   layout_hall_layers, dummy_spider_entry,
          nicolae_volcano_entry_two_sided, infiniplex_staircase_pool
Lair:5:   layout_concentric_octagons, slime_dummy, st_stairs_13
Lair:6:   evilmike_catoblepas_cave, layout_small_grid, st_stairs_3,
          grunt_megastairs_1
Spider:1: layout_spider_delve, nicolae_spider_webs_and_nodes
Spider:2: layout_spider_delve, uniq_asterion
Spider:3: layout_chambers
Slime:1:  layout_caves

Skill      XL: |  1  2  3  4  5  6  7  8  9 10 11 12 13 14 |
---------------+-------------------------------------------+-----
Axes           | 3 4 5 6 7 9 11 13 14 16 17 18 | 18.8
Fighting       | 3 4 5 6 7 8 11 13 | 13.0
Shields        | 4 5 |  5.0
Armour         | 4 5 6 7 9 10 | 10.0
Invocations    | 2 4 6 8 9 |  9.0
Evocations     | 5 8 9 |  9.0
Maces & Flails | 1 |  1.0
Dodging        | |  0.1

Action                   |  1- 3 |  4- 6 |  7- 9 | 10-12 | 13-15 || total
-------------------------+-------+-------+-------+-------+-------++-------
Melee: War axe           |   153 |    79 |    17 |       |       ||   249
       Battleaxe         |       |       |   144 |   417 |   485 ||  1046
       Unarmed           |       |       |       |    12 |       ||    12
       Flail             |       |       |       |    12 |    20 ||    32
Throw: Dart              |       |     9 |    14 |    33 |    19 ||    75
Invok: Lesser Servant of |       |       |       |     1 |     4 ||     5
       Greater Servant o |       |       |       |       |     1 ||     1
 Abil: Heal Wounds       |     1 |     2 |     4 |    19 |    22 ||    48
Evoke: Fan of gales      |       |       |       |       |     1 ||     1
       Box of beasts     |       |       |       |       |     1 ||     1
  Use: Scroll            |       |     5 |     7 |    10 |     2 ||    24
       Potion            |       |       |       |     4 |     1 ||     5
 Stab: Petrified         |       |       |       |       |    13 ||    13
       Petrifying        |       |       |       |       |     2 ||     2
       Distracted        |       |       |       |       |     3 ||     3
  Eat: Chunk             |     1 |     5 |     4 |    10 |     9 ||    29
       Ration            |       |       |     1 |     3 |       ||     4
Armor: Scale mail        |    68 |    24 |       |       |       ||    92
       Chain mail        |       |       |   155 |       |       ||   155
       Pearl dragon scal |       |       |       |   469 |    90 ||   559
       Skin              |       |       |       |     1 |       ||     1
       Crystal plate arm |       |       |       |       |   740 ||   740
Dodge: Dodged            |    48 |    24 |   102 |   308 |   180 ||   662
Block: Shield            |    67 |    38 |    10 |       |       ||   115
